 Dungeon Crawl Stone Soup version 0.18-a0-1435-gee79d65 (webtiles) character file.

53 GrosslyIncandescent the Sneak (level 3, 13/27 HPs)
             Began as a Vampire Assassin on Feb 28, 2016.
             Quit the game on level 2 of the Dungeon.
             The game lasted 00:02:28 (685 turns).

GrosslyIncandescent the Sneak (Vampire Assassin)     Turns: 685, Time: 00:02:29

Health: 13/27      AC:  3    Str: 10    XL:     3   Next: 62%
Magic:  3/3        EV: 12    Int: 13    God:
Gold:   97         SH:  0    Dex: 16    Spells: 0 memorised, 2 levels left

rFire  . . .     SeeInvis +     a - +2 dagger
rCold  . . .     Gourm    .     c - +0 robe
rNeg   + . .     Faith    .     (no shield)
rPois  .         Spirit   .     (no helmet)
rElec  .         Dismiss  .     d - +0 cloak
rCorr  .         Reflect  .     (no gloves)
SustAt .         Harm     .     (no boots)
MR     .....                    (no amulet)
Stlth  ++++......               (no ring)
                                (no ring)

@: not resistant to hostile enchantments, stealthy
A: fangs 3, see invisible, unbreathing
a: Bat Form


You were on level 2 of the Dungeon.
You were not thirsty.

You visited 1 branch of the dungeon, and saw 2 of its levels.

You collected 97 gold pieces.


Innate Abilities, Weirdness & Mutations

You have razor-sharp teeth.
You have supernaturally acute eyesight.
You can survive without breathing.


   Skills:
 - Level 1.7 Fighting
 + Level 4.4 Short Blades
 - Level 1.5 Throwing
 - Level 1.1 Dodging
 - Level 5.8 Stealth


You had 2 spell levels left.
You didn't know any spells.

Inventory:

Hand Weapons
 a - a +2 dagger (weapon)
 b - a +0 blowgun
Missiles
 e - 8 poisoned needles
 f - 2 curare-tipped needles {=f}
 o - a throwing net {=f}
Armour
 c - a +0 robe (worn)
 d - a +0 cloak (worn)
Scrolls
 g - a scroll of identify {unknown}
 k - 2 scrolls of magic mapping {unknown}
Potions
 h - a potion of beneficial mutation {unknown}
 i - 4 potions of blood {@q4}
 j - a potion of haste {unknown}
 l - a potion of flight {unknown}
 m - a potion of curing {@q1}
 n - 2 potions of degeneration {unknown}

Dungeon Overview and Level Annotations

Branches:
Dungeon (2/15)

Altars:
Fedhas

▒▒▒ ..▒ ▒▒.▒ .▒.▒▒▒▒▒▒▒▒
...▒▒.....▒▒▒▒▒▒▒▒▒▒▒▒▒▒
.≈.....................▒▒
≈≈†▒)..........▒▒▒......▒
_≈.....................>▒
≈.≈▒..▒...▒▒.▒.▒V▒......▒▒
).≈▒..▒........g.▒.......▒
.............).▒▒▒▒▒▒'▒..▒▒
▒.▒▒▒▒▒....▒▒g▒▒ ▒▒▒.▒...▒
............g.▒ ▒...▒.▒.▒
..▒▒.......▒▒▒▒ ▒.▒▒▒.▒.▒
▒.▒.....▒ ▒.......▒
▒.▒.▒.).▒ ▒.÷.....▒▒ .
▒.▒..g▒ ▒....▒...▒


You could see 3 gnolls.


Message History

You perforate the gnoll like a sieve!
You annihilate the gnoll!!!
No target in view!!!
No target in view!!!
o - a throwing net {=f} A gnoll comes into view!
An adder comes into view!
You see here 12 gold pieces!
You closely miss the adder! You bite the adder!
The adder is heavily wounded!
The gnoll shouts!!!
You hear a shout!!! x2
The adder bites you! 2 gnolls come into view!
You perforate the adder like a sieve!
The adder is heavily wounded!
The adder barely misses you!
You spit the adder like a pig!
The adder is almost dead!
The adder bites you!
The gnoll moves out of view!
The gnoll hits you from afar with a spear! * * * don't die
* * * You perforate the adder like a sieve!
You annihilate the adder!!!
The gnoll misses you!
You stick the gnoll like a pincushion!
The gnoll is moderately wounded!
The gnoll hits you! * * * don't die
* * * The gnoll closely misses you!
Are you sure you want to abandon this character and quit the game? (Confirm with "yes"!)

Action                   || total
-------------------------++-------
Melee: Dagger            ||    78
  Use: Potion            ||     3
 Stab: Sleeping          ||     8

Vault maps used:
D:1:      dpeg_arrival_lava_altar, hangedman_decor_clover_reticule
D:2:      lemuel_zombie_altar_kikubaaqudgha, fedhas_altar_2, first_bread,
          uniq_natasha

Notes
Turn   | Place    | Note
--------------------------------------------------------------
     0 | D:1      | GrosslyIncandescent the Vampire Assassin began the quest for the Orb.
     0 | D:1      | Reached XP level 1. HP: 16/16 MP: 1/1
    51 | D:1      | Reached skill level 3 in Short Blades
    68 | D:1      | Reached XP level 2. HP: 22/22 MP: 2/2
   523 | D:2      | Reached XP level 3. HP: 27/27 MP: 3/3
   559 | D:2      | Reached skill level 4 in Short Blades
   565 | D:2      | Found a blossoming altar of Fedhas.
   685 | D:2      | Quit the game

Vanquished Creatures
  A gnoll (D:2)
  2 adders (D:2)
  A dart slug (D:1)
  2 giant cockroaches (D:1)
  A goblin (D:2)
  3 hobgoblins (D:1)
  3 kobolds (D:1)
  4 bats
  4 giant newts
  8 rats
29 creatures vanquished.
